 Dungeon Crawl Stone Soup version 0.30-a0-748-ge6a52f7cba (webtiles) character file.

Game seed: 14465437373268446813

210 hikkokomori the Conjurer (level 5, -1/29 HPs)
             Began as a Deep Elf Conjurer on Feb 9, 2023.
             Slain by Duvessa
             ... wielding a +1 vampiric short sword
              (14 damage)
             ... on level 4 of the Dungeon.
             The game lasted 00:04:05 (3062 turns).

hikkokomori the Conjurer (Deep Elf Conjurer)        Turns: 3062, Time: 00:04:06

Health: -1/29      AC:  3    Str:  4    XL:     5   Next: 57%
Magic:  3/11       EV: 12    Int: 23    God:
Gold:   147        SH:  4    Dex: 15    Spells: 3/10 levels left

rFire   . . .      SeeInvis .    f - +0 long sword
rCold   + . .      Faith    .    i - +0 buckler
rNeg    . . .      Spirit   .    a - +0 robe
rPois   .          Reflect  .    (no helmet)
rElec   .          Harm     .    (no cloak)
rCorr   .          Rampage  .    o - +0 pair of gloves
Will    .....                    (no boots)
Stlth   +                        (no amulet)
HPRegen 0.24/turn                l - ring of protection from cold
MPRegen 0.12/turn                (no ring)

@: lit by a corona, glowing
A: no striking features
a: no special abilities


You were on level 4 of the Dungeon.
You visited 1 branch of the dungeon, and saw 4 of its levels.

You collected 147 gold pieces.

Inventory:

Hand Weapons
 f - a +0 long sword (weapon)
Missiles
 d - a throwing net
Armour
 a - a +0 robe (worn)
 i - a +0 buckler (worn)
 o - a +0 pair of gloves (worn)
Jewellery
 l - a ring of protection from cold (left hand)
Scrolls
 c - 2 scrolls of identify {unknown}
 g - a scroll of brand weapon {unknown}
 m - 2 scrolls of teleportation {unknown}
 p - a scroll of silence {unknown}
 q - a scroll of vulnerability {unknown}
 r - a scroll of fear {unknown}
Potions
 b - a potion of magic
 e - 3 potions of curing {unknown}
 h - a potion of might {unknown}
 j - a potion of brilliance {unknown}
 k - a potion of ambrosia {unknown}
 n - a potion of mutation {unknown}


   Skills:
 + Level 1.5 Fighting
 - Level 2.4 Dodging
 + Level 4.7 Stealth
 + Level 1.5 Shields
 - Level 3.0 Spellcasting
 + Level 5.6 Conjurations
 + Level 0.9 Hexes


You had 3 spell levels left.
You knew the following spells:

 Your Spells              Type           Power      Damage    Failure   Level
a - Magic Dart            Conj           100%       1d8       1%          1
b - Searing Ray           Conj           58%        2d6       2%          2
c - Fulminant Prism       Conj/Hex       9%         3d7       36%         4

Your spell library contained the following spells:

 Spells                   Type           Power      Damage    Failure   Level
 Shock                    Conj/Air       64%        1d7       4%          1
 Dazzling Flash           Conj/Hex       36%        N/A       12%         3
 Swiftness                Air            3%         N/A       41%         3
 Iskenderun's Mystic Bla  Conj/Tloc      16%        2d5       43%         4
 Airstrike                Air            1%         2d(1-17)  83%         4


Dungeon Overview and Level Annotations

Branches:
Dungeon (4/15)             Temple (0/1) D:4

Altars:
Kikubaaqudgha
Sif Muna
Xom

Annotations:
D:4 Duvessa


Message History

Aim: Duvessa, wielding a +1 vampiric short sword and wearing a +0 ring mail (85% to hit)
The searing ray misses Dowan.
The searing ray hits Duvessa.
Duvessa is lightly wounded. (Press . to maintain the ray.) Dowan says, "Stay away from my face!"
You block Dowan's attack.
The searing ray hits Dowan.
Dowan is heavily wounded.
The searing ray hits Duvessa but does no damage.
Duvessa is lightly wounded.
Dowan hits you with a +0 dagger.
The searing ray hits Dowan.
Dowan is severely wounded.
The searing ray hits Duvessa.
Duvessa is moderately wounded.
Dowan casts a spell at you. The puff of frost hits you. You resist.
The searing ray misses Dowan.
The searing ray hits Duvessa.
Duvessa is moderately wounded.
You finish channelling your searing ray.
Dowan says, "Magic and the sword, together, will defeat you."
Dowan gestures at you while chanting.
You are outlined in light.
Casting: Searing Ray (safe; 2% risk of failure)
Confirm with . or Enter, or press ? or * to list all spells.
Aiming: Searing Ray (safe; 2% risk of failure)
Press: ? - help, Shift-Dir - straight line, f/p - Duvessa
Aim: Duvessa, wielding a +1 vampiric short sword and wearing a +0 ring mail (moderately wounded, 85% to hit)
The searing ray hits Dowan!
You kill Dowan!
Duvessa screams, "No!
How DARE you!"
Duvessa goes berserk!
The searing ray hits Duvessa.
Duvessa is heavily wounded. (Press . to maintain the ray.)
The searing ray hits Duvessa.
Duvessa is heavily wounded.
Duvessa hits you with a +1 vampiric short sword!
Duvessa draws strength from your wounds!
Duvessa hits you with a +1 vampiric short sword!
You die...

### #.. #.# ##e# ..#
##@#####.###
#######.##.......###
#......$...........
#.#####.##.#.....#
##.#.##....#
##........#
##...#.### #####.#
##'##


You could see Duvessa (berserk).

Vanquished Creatures
  Dowan (D:4)
  Natasha (thrice) (D:3)
  3 adders
  A worm (D:3)
  A dart slug (D:1)
  4 ball pythons
  4 endoplasms
  A giant cockroach (D:2)
  6 goblins
  3 hobgoblins
  9 jackals
  3 quokkas (D:1)
  3 bats (D:1)
  4 frilled lizards
  4 kobolds
  3 rats
53 creatures vanquished.

Notes
Turn   | Place    | Note
-------+----------+-------------------------------------------
     0 | D:1      | hikkokomori the Deep Elf Conjurer began the quest for the
                  | Orb.
     0 | D:1      | Reached XP level 1. HP: 10/10 MP: 6/6
   221 | D:1      | Reached XP level 2. HP: 9/15 MP: 1/8
   861 | D:1      | Reached skill level 5 in Conjurations
   861 | D:1      | Reached XP level 3. HP: 19/19 MP: 7/9
   910 | D:1      | You fall into a shaft and drop 1 floor!
  1336 | D:1      | Learned a level 2 spell: Searing Ray
  1509 | D:3      | Noticed Natasha
  1513 | D:3      | Killed Natasha
  1649 | D:3      | Reached XP level 4. HP: 24/24 MP: 8/10
  2352 | D:3      | Noticed Natasha
  2361 | D:3      | Killed Natasha
  2362 | D:3      | Reached skill level 1 in Fighting
  2362 | D:3      | Reached skill level 1 in Shields
  2405 | D:3      | Noticed Natasha
  2408 | D:3      | Killed Natasha
  2409 | D:3      | Reached XP level 5. HP: 27/29 MP: 5/11
  2497 | D:3      | Found an ancient bone altar of Kikubaaqudgha.
  2533 | D:3      | Found a shimmering altar of Xom.
  2545 | D:3      | Found a shimmering blue altar of Sif Muna.
  2913 | D:4      | Found a staircase to the Ecumenical Temple.
  3046 | D:4      | Noticed Dowan
  3053 | D:4      | Learned a level 4 spell: Fulminant Prism
  3054 | D:4      | Noticed Duvessa
  3061 | D:4      | Killed Dowan
  3062 | D:4      | Slain by Duvessa

Illustrated notes

Levels and vault maps discovered:
D:1:      dpeg_chamrin_arrival_tetris, layout_basic
D:2:      cheibrodos_old_hovel, layout_rooms, serial_forest,
          infiniplex_forest_lined_3_way, infiniplex_forest_clump_double,
          infiniplex_forest_lined_2, infiniplex_forest_lined_corner,
          infiniplex_forest_straight_2, infiniplex_forest_corner_1,
          kennysheep_generic_room_11
D:3:      wad_crossroads, layout_rooms, general_overflow_altar,
          amethyst_overflow_temple_binary, serial_co_window_serial,
          co_window_cross_1, co_window_of_opportunity_a, co_window_corner_a,
          co_window_corner_a, co_window_of_opportunity_a,
          co_window_of_opportunity_b, co_window_2corner, co_window_corner_cb,
          uniq_natasha
D:4:      layout_loops_corners, minmay_temple_entry_trees, serial_shops,
          nicolae_shop_bloodbath_and_beyond, uniq_robin, uniq_duvessa

Skill      XL: |  1  2  3  4 |
---------------+-------------+-----
Stealth        | 3 4 |  4.7
Conjurations   | 5 |  5.6
Fighting       | 1 |  1.5
Shields        | 1 |  1.5
Dodging        | |  2.4
Spellcasting   | |  3.0
Hexes          | |  0.9

Action                     |  1- 3 |  4- 6 || total
---------------------------+-------+-------++-------
  Melee: Long sword        |       |     1 ||     1
   Cast: Magic Dart        |    66 |    43 ||   109
         Searing Ray       |     1 |     2 ||     3
   Stab: Sleeping          |       |     1 ||     1
  Dodge: Dodged            |     4 |     5 ||     9
  Block: Buckler           |       |     2 ||     2

Table legend: (Time is in decaauts)
 A = Elapsed time spent in this place.
 B = Non-inter-level travel time spent in this place.
 C = Inter-level travel time spent in this place.
 D = Time resting spent in this place.
 E = Time spent auto-exploring this place.
 F = Levels seen in this place.
 G = Mean time per level.
                   A        B        C        D        E       F      G
               +--------+--------+--------+--------+--------+-----+--------+
         Total |   3067 |   2949 |    118 |      0 |   2664 |   4 |  766.8 |
       Dungeon |   3067 |   2949 |    118 |      0 |   2664 |   4 |  766.8 |
               +--------+--------+--------+--------+--------+-----+--------+

Top non-repeatable levels by time:
     D:3: 1404 daAuts
     D:1: 1321 daAuts
     D:4: 298 daAuts
     D:2: 44 daAuts
